 Dungeon Crawl Stone Soup version 0.19.1 (webtiles) character file.

135 Kailar the Ruffian (level 5, -7/46 HPs)
             Began as a Ghoul Monk on Nov 28, 2016.
             Killed from afar by an orc wizard (8 damage)
             ... with a puff of flame
             ... on level 3 of the Dungeon.
             The game lasted 00:21:53 (2138 turns).

Kailar the Ruffian (Ghoul Monk)                     Turns: 2138, Time: 00:21:54

Health: -7/46      AC:  6    Str: 15    XL:     5   Next: 18%
Magic:  4/4        EV: 10    Int:  5    God:
Gold:   122        SH:  0    Dex: 12    Spells: 0 memorised, 4 levels left

rFire  . . .     SeeInvis .       - Unarmed
rCold  + . .     Gourm    .     u - +0 scale mail
rNeg   + + +     Faith    .     (no shield)
rPois  ∞         Spirit   .     (no helmet)
rElec  .         Reflect  .     (no cloak)
rCorr  .         Harm     .     (no gloves)
MR     +....                    (no boots)
Stlth  +.........               (no amulet)
                                (no ring)
                                l - ring of protection from magic

@: rotting
A: rotting body, claws 1, carnivore 3, cold resistance 1, negative energy
resistance 3, slow regeneration 1, torment resistance, unbreathing
a: no special abilities


You were on level 3 of the Dungeon.
You were not hungry.

You visited 1 branch of the dungeon, and saw 3 of its levels.

You collected 122 gold pieces.

Inventory:

Hand Weapons
 d - a cursed +0 flail
 e - a +1 mace
 g - a +0 spear
 k - a +0 short sword
 s - a +0 hand axe
 w - a +0 long sword
 z - a +0 whip
Missiles
 f - 125 stones (quivered)
 h - 2 poisoned needles
 p - 6 large rocks
 x - 29 sling bullets
 y - 15 arrows
Armour
 a - a +0 robe
 n - a +0 ring mail
 o - a cursed +0 ring mail
 u - a +0 scale mail (worn)
Jewellery
 l - a ring of protection from magic (left claw)
 q - an uncursed amulet of rage
 t - an uncursed ring of positive energy
Scrolls
 m - a scroll of enchant weapon
 r - a scroll of remove curse
 v - a scroll of fear
 A - a scroll of teleportation
Potions
 j - 3 potions of curing
Comestibles
 b - 2 meat rations
 c - 2 chunks of flesh
 i - a beef jerky


   Skills:
 + Level 4.1 Fighting
 + Level 1.0 Throwing
 + Level 1.5 Armour
 + Level 3.2 Dodging
 + Level 2.2 Stealth
 + Level 4.5 Unarmed Combat


You had 4 spell levels left.
You didn't know any spells.

Dungeon Overview and Level Annotations

Branches:
Dungeon (3/15)

Altars:
The Shining One


Innate Abilities, Weirdness & Mutations

Your body is rotting away.
You thrive on raw meat.
You are immune to poison.
You have sharp fingernails.
You are carnivorous and can eat meat at any time.
Your flesh is cold resistant. (rC+)
You are immune to negative energy. (rN+++)
You regenerate slowly when monsters are visible.
You are immune to unholy pain and torment.
You can survive without breathing.


Message History

The magic dart hits you!
You scratch something but do no damage.
You hear some strange, mumbled words.
A magic dart appears from out of thin air!
The magic dart hits you!
A magic dart appears from out of thin air!
The magic dart hits you!
A magic dart appears from out of thin air!
The magic dart hits you!
* * * LOW HITPOINT WARNING * * *
A puff of frost appears from out of thin air!
The puff of frost hits you! You resist.
* * * LOW HITPOINT WARNING * * *
A magic dart appears from out of thin air!
The magic dart hits you!
* * * LOW HITPOINT WARNING * * *
You hear some strange, mumbled words.
A puff of flame appears from out of thin air!
The puff of flame hits you!
You die...

# #.####..##..#..##.....#+###.
#..#...##..#.#..##.........#
######....###..#._.#..###.......#
.......#....##..#.#..##.........#
.......#.....##..#..##..####'####
.......#####..#'...##..## #.....
...............##.##..## ######
##############..###..## #..... #
##.@#..## #####'#### # ##.#.##
#........# # #{..# #........#
##.## #........# #o# #.........
#.# #......... #.# #####'###.
#.####### #.# #. #...o.... #.# #.


You could see an orc.

Vanquished Creatures
  An iguana (D:3)
  3 adders (D:2)
  A worm (D:2)
  A dart slug (D:3)
  5 leopard geckos
  8 orcs (D:3)
  9 bats
  3 goblins (D:1)
  5 hobgoblins
  11 jackals
  5 frilled lizards
  8 kobolds
  5 rats
65 creatures vanquished.

Notes
Turn   | Place    | Note
-------+----------+-------------------------------------------
     0 | D:1      | Kailar the Ghoul Monk began the quest for the Orb.
     0 | D:1      | Reached XP level 1. HP: 19/19 MP: 0/0
   172 | D:1      | Reached XP level 2. HP: 24/26 MP: 1/1
   834 | D:2      | Reached XP level 3. HP: 16/33 MP: 2/2
   979 | D:2      | Reached XP level 4. HP: 26/40 MP: 3/3
  1346 | D:3      | Reached skill level 1 in Armour
  1428 | D:3      | Found a glowing golden altar of the Shining One.
  1925 | D:3      | Reached skill level 1 in Throwing
  1925 | D:3      | Reached XP level 5. HP: 35/44 MP: 4/4
  2135 | D:3      | HP: 1/46 [something/magic dart (7)]
  2138 | D:3      | Killed from afar by an orc wizard

Skill      XL: |  1  2  3  4 |
---------------+-------------+-----
Dodging        | 3 |  3.2
Fighting       | 4 |  4.1
Armour         | 1 |  1.5
Unarmed Combat | 4 |  4.5
Throwing       | 1 |  1.0
Stealth        | |  2.2

Action                   |  1- 3 |  4- 6 || total
-------------------------+-------+-------++-------
Melee: Unarmed           |    91 |   129 ||   220
       Punch             |     1 |     3 ||     4
Throw: Stone             |    50 |    23 ||    73
  Use: Scroll            |     7 |     4 ||    11
       Potion            |     3 |     1 ||     4
  Eat: Chunk             |    10 |    10 ||    20
Armor: Robe              |     3 |       ||     3
       Ring mail         |    22 |    11 ||    33
       Scale mail        |       |    44 ||    44
Dodge: Dodged            |    46 |    67 ||   113
